 Dungeon Crawl Stone Soup version 0.27-a0-562-g0d39f094a4 (webtiles) character file.

Game seed: 5481569896081293408

57 jasper the Sneak (level 3, -1/16 HPs)
             Began as a Spriggan Enchanter on Mar 9, 2021.
             Slain by a goblin
             ... wielding a +0 club
             ... led by Robin
              (3 damage)
             ... on level 2 of the Dungeon.
             The game lasted 00:02:55 (2622 turns).

jasper the Sneak (Spriggan Enchanter)               Turns: 2622, Time: 00:02:56

Health: -1/16      AC:  2    Str:  4    XL:     3   Next: 73%
Magic:  4/8        EV: 17    Int: 17    God:
Gold:   97         SH:  0    Dex: 15    Spells: 5/8 levels left

rFire    . . .     SeeInvis +   a - +1 dagger
rCold    . . .     Faith    .   (shield restricted)
rNeg     . . .     Spirit   .   b - +0 robe
rPois    .         Reflect  .   (helmet restricted)
rElec    .         Harm     .   (no cloak)
rCorr    .         Rampage  .   (gloves unavailable)
Will     .....                  (boots unavailable)
Stlth    +++.......             (no amulet)
HPRegen  0.05/turn              (no ring)
MPRegen  0.11/turn              (no ring)

@: very quick
A: very small, unfitting armour, see invisible, speed 3
a: no special abilities


You were on level 2 of the Dungeon.
You visited 1 branch of the dungeon, and saw 2 of its levels.

You collected 97 gold pieces.

Inventory:

Hand Weapons
 a - a +1 dagger (weapon)
 k - a +0 hunting sling
Missiles
 j - 107 stones
Armour
 b - a +0 robe (worn)
Scrolls
 c - 2 scrolls of identify {unknown}
 d - 2 scrolls of fear {unknown}
 g - a scroll of fog {unknown}
 h - a scroll of noise {unknown}
 i - 3 scrolls of amnesia {unknown}
 n - a scroll of random uselessness {unknown}
Potions
 e - a potion of mutation {unknown}
 f - 3 potions of flight {unknown}
 l - a potion of attraction {unknown}
 m - 3 potions of curing {unknown}
 o - a potion of brilliance {unknown}
 p - a potion of heal wounds {unknown}


   Skills:
 - Level 1.1 Short Blades
 + Level 3.3 Dodging
 * Level 5.6 Stealth
 - Level 3.0 Spellcasting
 * Level 4.5 Hexes


You had 5 spell levels left.
You knew the following spells:

 Your Spells              Type           Power      Damage    Failure   Level
a - Corona                Hex            18%        N/A       2%          1
b - Ensorcelled Hibernat  Hex/Ice        20%        N/A       11%         2

Your spell library contained the following spells:

 Spells                   Type           Power      Damage    Failure   Level
 Confusing Touch          Hex            17%        N/A       9%          3
 Tukima's Dance           Hex            17%        N/A       9%          3
 Animate Skeleton         Necr           4%         N/A       17%         1
 Apportation              Tloc           4%         N/A       17%         1
 Summon Small Mammal      Summ           8%         N/A       17%         1
 Dazzling Flash           Conj/Hex       20%        N/A       21%         3


Dungeon Overview and Level Annotations

Branches:
Dungeon (2/15)

Altars:
Cheibriados
Vehumet
Yredelemnul

Annotations:
D:2 1 runed translucent door, Crazy Yiuf, Robin


Innate Abilities, Weirdness & Mutations

You are very small and have problems with some larger weapons.
You are too small for most types of armour.
You have supernaturally acute eyesight. (SInv)
You cover ground extremely quickly. (Speed+++)


Message History

Items here: )) ††.
There are monsters nearby!
You can't go down here!
The hobgoblin shouts!
You hear a shout!
Aiming: Ensorcelled Hibernation (safe; 11% risk of failure)
Press: ? - help, Q - select action, (/) - cycle Shift-Dir - straight line, f - frilled lizard
Aim: a frilled lizard (wandering, hasn't noticed you, chance to affect: 59%)
The frilled lizard hisses angrily.
The frilled lizard resists with significant effort.
The goblin shouts!
You hear a shout!
Robin throws the goblin at you! The goblin misses you.
You take 1 damage, and have 15/16 hp.
You now have 6/8 mp.
You barely miss the frilled lizard.
The frilled lizard completely misses you.
Robin flexes a bicep menacingly.
Robin roars a battlecry!
The goblins go into a battle-frenzy!
The goblin hits you with a +0 club.
The goblin shouts!
You take 4 damage, and have 11/16 hp.
MASSIVE DAMAGE!!
Aiming: Ensorcelled Hibernation (safe; 11% risk of failure)
Press: ? - help, Q - select action, (/) - cycle Shift-Dir - straight line, f/p - frilled lizard
Aim: a frilled lizard (chance to affect: 59%)
The frilled lizard resists with significant effort.
The frilled lizard bites you.
Robin says, "A pitiful Spriggan like you will never find the ORB!"
Robin throws the goblin at you! The goblin misses you.
The goblin barely misses you.
You take 2 damage, and have 9/16 hp.
You now have 4/8 mp.
You are too injured to fight recklessly!
Robin throws the goblin at you! The goblin hits you with a +0 club.
The goblin completely misses you.
You take 2 damage, and have 7/16 hp.
Robin throws the goblin at you! The goblin hits you with a +0 club.
* * * LOW HITPOINT WARNING * * *
You take 5 damage, and have 2/16 hp.
MASSIVE DAMAGE!!
The goblin hits you with a +0 club.
You die...

#.g)# #..# #...g.g......#
##### #..# #.##g#g......#
#..####.##.#.......#
#.......##...g.....#
######.########........#
#...##.# ######.g#######
#...##.# #.........#
#...##.###......>..#
#........@..lg.....#
########)........ggg......#
#.........................#
#.#.......................#
#...))###...............#
#.....# #...............#
#<....# #...............#
#.....# #......##########
#####.# ########


You could see Robin, 4 goblins and a frilled lizard.

Vanquished Creatures
  2 adders (D:2)
  2 worms (D:2)
  2 dart slugs
  A leopard gecko (D:1)
  A bat (D:1)
  A giant cockroach (D:2)
  6 goblins
  3 hobgoblins (D:2)
  A quokka (D:2)
  4 frilled lizards
  A kobold (D:2)
  4 rats (D:1)
28 creatures vanquished.

Notes
Turn   | Place    | Note
-------+----------+-------------------------------------------
     0 | D:1      | jasper the Spriggan Enchanter began the quest for the Orb.
     0 | D:1      | Reached XP level 1. HP: 9/9 MP: 5/5
   999 | D:1      | Reached XP level 2. HP: 13/13 MP: 6/6
  1002 | D:1      | Learned a level 2 spell: Ensorcelled Hibernation
  1391 | D:2      | Found a basalt altar of Yredelemnul.
  1419 | D:2      | Reached skill level 5 in Stealth
  1658 | D:2      | Found a runed translucent door.
  1659 | D:2      | Noticed Crazy Yiuf
  1793 | D:2      | Reached XP level 3. HP: 16/16 MP: 8/8
  1950 | D:2      | Found a radiant altar of Vehumet.
  1950 | D:2      | Found a snail-covered altar of Cheibriados.
  2208 | D:2      | Noticed Robin
  2622 | D:2      | Slain by a goblin

Illustrated notes

Levels and vault maps discovered:
D:1:      amcnicky_arrival_blooded_trapdoor, layout_basic, serial_forest,
          infiniplex_forest_lined_2, infiniplex_forest_straight_4,
          infiniplex_forest_lined_3, infiniplex_forest_straight_5,
          infiniplex_forest_clump_C, infiniplex_forest_straight_3,
          infiniplex_forest_3_way, infiniplex_forest_end_2
D:2:      layout_basic, gammafunk_temple_overflow_elements,
          general_overflow_altar, uniq_crazy_yiuf_cottage, uniq_robin

Skill      XL: |  1  2 |
---------------+-------+-----
Hexes          | 4 |  4.5
Stealth        | 5 |  5.6
Dodging        | 3 |  3.3
Spellcasting   | 3 |  3.0
Short Blades   | |  1.1

Action                   || total
-------------------------++-------
Melee: Dagger            ||    67
 Cast: Corona            ||     3
       Ensorcelled Hiber ||    15
 Stab: Sleeping          ||    19
Armor: Robe              ||     6
Dodge: Dodged            ||    47

Table legend: (Time is in decaauts)
 A = Elapsed time spent in this place.
 B = Non-inter-level travel time spent in this place.
 C = Inter-level travel time spent in this place.
 D = Time resting spent in this place.
 E = Time spent auto-exploring this place.
 F = Levels seen in this place.
 G = Mean time per level.
                   A        B        C        D        E       F      G
               +--------+--------+--------+--------+--------+-----+--------+
         Total |   1923 |   1815 |    108 |    500 |   1083 |   2 |  961.5 |
       Dungeon |   1923 |   1815 |    108 |    500 |   1083 |   2 |  961.5 |
               +--------+--------+--------+--------+--------+-----+--------+

Top non-repeatable levels by time:
     D:1: 1030 daAuts
     D:2: 892 daAuts
